 Dungeon Crawl Stone Soup version 0.18-a0-1426-g3b9a63c (webtiles) character file.

128 Tomstefer the Destroyer (level 5, 0/28 HPs)
             Began as a Tengu Conjurer on Feb 27, 2016.
             Slain by a giant gecko (4 damage)
             ... on level 2 of the Dungeon.
             The game lasted 00:07:16 (2656 turns).

Tomstefer the Destroyer (Tengu Conjurer)            Turns: 2656, Time: 00:07:17

Health: 0/28       AC:  2    Str:  8    XL:     5   Next: 11%
Magic:  7/9        EV: 12    Int: 17    God:
Gold:   51         SH:  0    Dex: 14    Spells: 2 memorised, 5 levels left

rFire  + . .     SeeInvis .     g - +2 short sword (speed)
rCold  x . .     Gourm    .     a - +0 robe
rNeg   . . .     Faith    .     (no shield)
rPois  .         Spirit   .     (helmet restricted)
rElec  .         Dismiss  .     (no cloak)
rCorr  .         Reflect  .     (no gloves)
SustAt .         Harm     .     (boots unavailable)
MR     .....                    (no amulet)
Stlth  ++........               (no ring)
                                i - ring of fire

@: not resistant to hostile enchantments, unstealthy
A: beak, talons 3, able to fly 1
a: Fly


You were on level 2 of the Dungeon.
You were hungry.

You visited 1 branch of the dungeon, and saw 3 of its levels.

You collected 51 gold pieces.

Inventory:

Hand Weapons
 d - a +0 club
 g - a +2 short sword of speed (weapon)
Armour
 a - a +0 robe (worn)
 n - a +0 leather armour
Magical Staves
 l - an uncursed staff of power
Jewellery
 i - a ring of fire (left hand)
 k - an uncursed ring of ice
Scrolls
 e - 3 scrolls of identify
 j - a scroll of remove curse
 m - a scroll of random uselessness {unknown}
Potions
 f - a potion of lignification {unknown}
 h - 2 potions of cure mutation {unknown}
 o - a potion of curing {unknown}
 s - a potion of brilliance {unknown}
Books
 b - a book of Conjurations

   Spells                             Type                      Level
   a - Magic Dart                     Conjuration                  1
   b - Searing Ray                    Conjuration                  2
   c - Dazzling Spray                 Conjuration/Hexes            3
   d - Fulminant Prism                Conjuration/Hexes            4
   e - Iskenderun's Mystic Blast      Conjuration                  4
   f - Iskenderun's Battlesphere      Conjuration/Charms           5
Comestibles
 c - a bread ration
 q - 2 chunks of flesh


   Skills:
 - Level 2.1 Dodging
 - Level 2.0 Stealth
 - Level 2.0 Spellcasting
 + Level 8.3 Conjurations


You had 5 spell levels left.
You knew the following spells:

 Your Spells              Type           Power        Failure   Level  Hunger
a - Magic Dart            Conj           ####         1%          1    #......
b - Searing Ray           Conj           ####..       1%          2    ###....


Dungeon Overview and Level Annotations

Branches:
Dungeon (3/15)

Altars:
Ashenzari


Innate Abilities, Weirdness & Mutations

You have a beak for a mouth.
You have claws for feet.
You can fly.


Message History

Found a dented filigree amulet.
The orc priest casts a cantrip, but nothing happens.
Found a stone staircase leading down.
A quokka and a kobold come into view.
Found 2 amethyst potions.
A giant gecko comes into view.
You float gracefully downwards.
There is a stone staircase leading up here.
You see here 2 potions of degeneration.
The giant gecko bites you.
* * * LOW HITPOINT WARNING * * *
You climb upwards.
There is a stone staircase leading down here.
Casting: Magic Dart
Confirm with . or Enter, or press ? or * to list all spells.
Aiming: Searing Ray
Press: ? - help, Shift-Dir - straight line, f - giant gecko
Aim: a giant gecko The searing ray misses the giant gecko.
The giant gecko bites you.
You die...

#.####..............#.#
#...................#.###
#####............(..#...#
#............########
#............#
#............#
##...........#
#............# ###
#....@.....### #..
#...l......# ###
#..........# #..........#
##.........# ###
##......#.# ###..
########.# ### #...#
#.###.###.### #.##..##.##
#


You could see a giant gecko.

Vanquished Creatures
  Ijyb (D:3)
  A gnoll (D:1)
  2 adders
  An ooze (D:2)
  2 worms (D:2)
  3 giant geckos
  2 orcs (D:3)
  2 giant cockroaches
  8 goblins
  10 hobgoblins
  A quokka (D:2)
  9 bats
  3 giant newts
  8 kobolds
  9 rats
62 creatures vanquished.

Notes
Turn   | Place    | Note
--------------------------------------------------------------
     0 | D:1      | Tomstefer the Tengu Conjurer began the quest for the Orb.
     0 | D:1      | Reached XP level 1. HP: 10/10 MP: 4/4
   320 | D:1      | Reached XP level 2. HP: 15/15 MP: 4/6
   361 | D:1      | Reached skill level 6 in Conjurations
   833 | D:1      | Reached XP level 3. HP: 17/19 MP: 2/7
  1640 | D:2      | Reached skill level 7 in Conjurations
  1644 | D:2      | Learned a level 2 spell: Searing Ray
  1669 | D:2      | Reached XP level 4. HP: 24/24 MP: 8/8
  1790 | D:2      | Found a shattered altar of Ashenzari.
  2289 | D:3      | Noticed Ijyb
  2300 | D:3      | Killed Ijyb
  2300 | D:3      | Reached skill level 8 in Conjurations
  2355 | D:3      | Gained mutation: You can fly. [Tengu growth]
  2355 | D:3      | Reached XP level 5. HP: 28/28 MP: 9/9
  2656 | D:2      | Slain by a giant gecko

Vault maps used:
D:1:      sevenhm_arrival_forest_fort_large_2, st_stairs_14
D:2:      lemuel_upstairs_altar, ashenzari_altar_1, serial_forest,
          infiniplex_forest_fountain, infiniplex_forest_clump_curved,
          infiniplex_forest_straight_2, infiniplex_forest_clump_small,
          infiniplex_forest_zigzag_2
D:3:      portal_sewer_entry_f, uniq_terence, uniq_sigmund, uniq_iyjb

Skill      XL: |  1  2  3  4 |
---------------+-------------+-----
Conjurations   | 6 7 8 |  8.3
Dodging        | |  2.1
Stealth        | |  2.0
Spellcasting   | |  2.0

Action                   |  1- 3 |  4- 6 || total
-------------------------+-------+-------++-------
Melee: Club              |     3 |       ||     3
       Short sword       |     4 |       ||     4
       Staff             |       |     4 ||     4
 Cast: Magic Dart        |    71 |    64 ||   135
       Searing Ray       |       |     3 ||     3
 Abil: Fly               |       |     1 ||     1
  Use: Scroll            |       |     7 ||     7
  Eat: Chunk             |     4 |     3 ||     7
